Map: Goldenaura LE

Players

floski

  • Race: Terran Terran
  • League: Diamond
  • Spawn Location: 12:00

Djoker - Winner!

  • Race: Terran Terran
  • League: Diamond
  • Spawn Location: 5:00

VOD

Have the link to the VOD?

Description

ctl season 30

Time

  • Played on: March 10, 2024, 1:25 p.m.
  • Length: 8:04
Show
View Real Time Build Order
Export as new Build Order

floski Terran 

Build Orders:  

Get SALT Encoding   

  12  0:00  SCV  
  13  0:12  SCV  
  14  0:19  Supply Depot  
  14  0:41  Barracks  
  14  0:49  Barracks  
  14  1:06  Barracks  
  14  1:08  SCV  
  15  1:21  SCV  
  16  1:29  Barracks  
  16  1:30  Marine  
  17  1:36  Marine  
  18  1:45  Refinery  
  18  1:50  Supply Depot  
  18  1:54  Marine  
  18  1:59  Marine  
  20  2:09  Marine  
  20  2:11  Marine  
  22  2:17  Marine  
  23  2:24  Marine  
  23  2:27  Marine  
  23  2:29  Marine  
  26  2:35  Marine  
  27  2:42  Marine  
  28  2:45  Marine  
  29  2:57  Marine  
  26  3:14  Marine x2  
  24  3:22  Marine  
  22  3:33  Marine  
  20  3:36  Marine  
  16  3:44  Marine  
  16  3:53  Marine  
  17  4:06  Marine  
  18  4:13  Marine  
  19  4:25  Marine  
  11  4:45  SCV  
  11  4:46  Marine  
  11  4:47  Marine  
  14  5:04  SCV  
  14  5:16  Orbital Command  
  14  5:25  Marine  
  15  5:29  Marine  
  16  5:43  SCV  
  16  5:45  Marine  
  18  6:14  SCV  
  19  6:30  Command Center  
  19  6:54  Marine  
  20  6:55  SCV  
  20  6:56  Refinery  
  21  7:11  SCV  
  22  7:22  Marine  
  22  7:23  SCV  
  24  7:35  SCV  
  25  7:40  Refinery  
  25  7:45  Command Center  
  25  7:48  SCV  
Show
View Real Time Build Order
Export as new Build Order

Djoker Terran - Winner!

Build Orders:  

Get SALT Encoding   

  12  0:00  SCV  
  13  0:12  SCV  
  14  0:17  Supply Depot  
  14  0:24  SCV  
  15  0:38  SCV  
  15  0:40  Barracks  
  16  0:44  Refinery  
  16  0:50  Refinery  
  16  0:53  SCV  
  17  1:05  SCV  
  18  1:17  SCV  
  19  1:28  Barracks Reactor  
  19  1:30  Orbital Command  
  19  1:31  Supply Depot  
  19  1:56  SCV  
  20  2:04  Marine x2  
  22  2:08  Factory  
  22  2:11  SCV  
  23  2:22  Marine x2  
  25  2:27  SCV  
  26  2:40  Supply Depot, Marine x2  
  28  2:51  Bunker  
  28  2:53  Bunker, Factory Tech Lab  
  28  3:00  Marine  
  5  3:36  SCV  
  5  3:37  Marine  
  5  3:38  Marine  
  8  3:48  SCV  
  9  3:59  Siege Tank  
  9  4:00  SCV  
  13  4:13  SCV  
  14  4:25  SCV  
  15  4:43  SCV  
  16  4:55  SCV  
  17  5:08  SCV  
  17  5:09  Siege Tank  
  21  5:20  SCV  
  22  5:29  Barracks  
  22  5:34  SCV  
  23  5:56  Supply Depot  
  23  6:08  Supply Depot  
  23  6:17  SCV  
  24  6:19  Supply Depot  
  24  6:20  Siege Tank  
  27  6:29  SCV  
  28  6:41  SCV  
  29  6:54  SCV  
  30  6:59  Engineering Bay  
  30  7:06  SCV  
  31  7:18  SCV  
  31  7:19  Siege Tank  
  35  7:24  Starport  
  35  7:26  Marine  
  35  7:27  Marine  
  37  7:34  SCV  
  38  7:39  Supply Depot  
  38  7:46  SCV  
Tags
 
Matchup
TvT
Race
Terran
Spawn Locations
Cross Positions
Add a new tag
Caveats
  • Supply blocks, unpowered buildings, or Contaminate may cause inaccurate times.
  • Supply counts are checked every 10 seconds.